Reign vs Rocket
Created - December 6, 2022 at 19:00
Goals
|
| Reign |
0 |
1 |
0 |
1 |
| Rocket |
7 |
1 |
1 |
9 |
|
Shots
|
| Reign |
7 |
12 |
9 |
28 |
| Rocket |
17 |
9 |
9 |
35 |
|
1st period
1. Rocket , Danton Heinen 11 (Adrian Kempe 16, Andrey Pedan 4) at 3:59
2. Rocket , Adrian Kempe 14 (Dylan DeMelo 3, Danton Heinen 15) at 8:32
3. Rocket , Peter Holland 10 (Brandon Pirri 16, Scott Wilson 10) at 8:46
4. Rocket , Kole Sherwood 1 (Jakub Vrana 3, Karson Kuhlman 3) at 15:23
5. Rocket , Danton Heinen 12 (Adrian Kempe 17, Andrei Mironov 4) at 17:18
6. Rocket , Ty Rattie 2 (Jiri Sekac 5) at 17:57
7. Rocket , Danton Heinen 13 (Adrian Kempe 18, Corey Trivino 15) at 19:04
Penalties :
No Penalty
2nd period
8. Reign , Brandon Biro 1 (Nick Suzuki 10, Jakob Chychrun 10) at 14:02
9. Rocket , Corey Trivino 6 (Adrian Kempe 19) at 15:37 (PP)
Penalties :
Dean Kukan (Lav) for Holding (Minor) at 1:25, Ty Rattie (Lav) for Interference (Minor) at 9:01, Trevor Moore (Ont) for Hooking (Minor) at 15:07, Ty Rattie (Lav) for Holding (Minor) at 16:41
3rd period
10. Rocket , Danton Heinen 14 (Adrian Kempe 20, Viktor Loov 10) at 7:40
Penalties :
Danton Heinen (Lav) for Hooking (Minor) at 4:38, Jakob Chychrun (Ont) for Hooking (Minor) at 9:00, Matthew Tkachuk (Ont) for Holding Stick (Minor) at 14:32, Kole Sherwood (Lav) for Tripping (Minor) at 18:31
Goalie Stats
Ilya Samsonov (Ont), 18 saves from 23 shots - (0.783), L, 9-3-2, 39:46 minutes
Cayden Primeau (Ont), 8 saves from 12 shots - (0.667), 20:14 minutes
Igor Shesterkin (Lav), 27 saves from 28 shots - (0.964), W, 10-1-2, 60:00 minutes
Players Stats for Reign
Player Name G A P +/- PIM S H SB GA TA FO MP PP MP PK MP
------------------------------------------------------------------------------------
Brandon Biro 1 0 1 -2 0 2 0 0 0 0 0/0 11:40 0:00 0:00
Brett Kulak 0 0 0 -1 0 3 1 0 0 1 0/0 17:36 0:00 1:38
Charlie McAvoy 0 0 0 -1 0 1 2 1 0 0 0/0 20:43 4:26 0:00
Darroll Powe 0 0 0 -3 0 2 0 0 0 1 3/6 14:18 0:08 1:13
Dylan Blujus 0 0 0 -2 0 0 0 0 1 0 0/0 8:42 0:00 1:38
Henri Jokiharju 0 0 0 -3 0 0 0 0 0 1 0/0 9:35 0:00 2:50
J.T. Brown 0 0 0 -3 0 0 2 0 2 1 1/1 15:26 0:02 2:44
Jakob Chychrun 0 1 1 -1 2 2 2 0 0 2 0/0 21:39 4:58 0:00
Jason Robertson 0 0 0 -1 0 0 0 0 0 0 3/3 15:57 4:49 0:00
Joel Eriksson Ek 0 0 0 -1 0 0 2 0 0 0 7/20 18:34 4:33 2:44
Jordan Greenway 0 0 0 -1 0 1 1 1 0 0 0/0 11:32 0:00 0:31
Josh Anderson 0 0 0 -2 0 4 2 0 1 0 1/1 12:53 0:00 1:13
Matthew Tkachuk 0 0 0 -1 2 1 1 0 0 0 0/1 15:56 4:45 0:00
Michael Anderson 0 0 0 -3 0 0 0 1 1 0 0/0 11:32 4:26 0:00
Nick Suzuki 0 1 1 -2 0 2 1 1 0 0 11/22 15:51 4:49 0:00
Nicolas Hague 0 0 0 -2 0 0 0 1 0 0 0/0 9:47 0:00 2:50
Patrik Laine 0 0 0 -3 0 1 0 0 0 0 0/0 16:11 4:33 0:00
Thomas Chabot 0 0 0 -1 0 6 2 2 0 0 0/0 21:05 4:58 0:00
Tomas Jurco 0 0 0 -1 0 2 2 0 0 0 0/1 15:41 4:33 0:31
Trevor Moore 0 0 0 -1 2 1 2 1 0 0 5/8 10:51 0:00 0:00
Players Stats for Rocket
Player Name G A P +/- PIM S H SB GA TA FO MP PP MP PK MP
------------------------------------------------------------------------------------
Adrian Kempe 1 5 6 5 0 3 2 0 0 1 3/6 20:29 2:38 1:57
Andrei Mironov 0 1 1 2 0 2 0 4 0 1 0/0 23:27 1:41 4:12
Andrey Pedan 0 1 1 2 0 0 1 3 0 0 0/0 23:27 1:41 4:12
Brandon Pirri 0 1 1 0 0 2 2 1 2 0 1/2 16:10 1:50 1:30
Corey Trivino 1 1 2 5 0 2 2 0 0 2 15/27 18:52 2:38 0:27
Danton Heinen 4 1 5 5 2 12 0 2 1 0 2/3 22:51 2:38 4:32
Dean Kukan 0 0 0 3 2 1 0 1 0 0 0/0 17:57 0:00 0:00
Dominic Turgeon 0 0 0 1 0 2 1 0 2 1 1/3 13:16 0:00 2:09
Dylan DeMelo 0 1 1 2 0 0 0 3 0 0 0/0 18:41 2:47 5:12
Jack Glover 0 0 0 2 0 1 0 3 0 0 0/0 15:54 0:00 5:12
Jakub Vrana 0 1 1 1 0 1 1 0 0 0 0/0 8:41 0:00 2:35
Jiri Sekac 0 1 1 1 0 1 1 0 1 0 0/0 11:31 0:00 0:00
Karson Kuhlman 0 1 1 1 0 1 1 0 0 0 4/12 11:36 0:00 5:38
Kole Sherwood 1 0 1 1 2 1 0 0 0 0 0/0 5:43 0:00 0:00
Peter Holland 1 0 1 0 0 4 0 0 0 0 6/9 14:59 1:50 0:00
Scott Wilson 0 1 1 0 0 0 2 0 0 0 0/1 14:59 1:50 0:00
Ty Rattie 1 0 1 1 4 2 1 0 0 0 0/0 11:19 0:00 0:00
Viktor Loov 0 1 1 3 0 0 3 1 0 0 0/0 20:39 2:47 0:00
3 Stars
1 - Danton Heinen (Lav)
2 - Adrian Kempe (Lav)
3 - Corey Trivino (Lav)
Power Play
Reign - 0 on 5 Attempt(s) - 0.00%
Rocket - 1 on 3 Attempt(s) - 33.33%
Penalty Kill
Reign - 2 on 3 Attempt(s) - 66.67%
- Score 0 goal in Penalty Kill
Rocket - 5 on 5 Attempt(s) - 100.00%
- Score 0 goal in Penalty Kill
Team Stat
Reign - Hits : 20 - Faceoff Wins : 31 - Blocked Shots : 8 - Penalty Minutes : 6
Rocket - Hits : 17 - Faceoff Wins : 32 - Blocked Shots : 18 - Penalty Minutes : 10
Official
Referees : Michael Markovic and Jon McIsaac
Linesman : Libor Suchanek and Jesse Marquis
Game Notes
Cayden Primeau enters game at 15:23 of 1st period
Danton Heinen has scored a Hat Trick!
Ilya Samsonov enters game at 15:37 of 2nd period
Brandon Pirri is injured at 17:33 of 3rd period (Herniated Disc)
Finance
Level 1 -- Attendance: 1882 (94.10%) -- Ticket Income $65,870
Level 2 -- Attendance: 967 (96.70%) -- Ticket Income $14,505
Total Attendance: 2849 (94.97%)
Total Ticket Income: $80,375
Other Income: $4,019
Total Income: $84,394
Reign
5 vs 5 Forward
Center Left Wing Right Wing Time % Phy DF OF
1 Trevor Moore Jordan Greenway Tomas Jurco 25 1 2 2
2 Joel Eriksson Ek Jason Robertson Matthew Tkachuk 25 1 2 2
3 Darroll Powe Patrik Laine J.T. Brown 25 1 2 2
4 Nick Suzuki Brandon Biro Josh Anderson 25 1 2 2
5 vs 5 Defense
Defense Defense Time % Phy DF OF
1 Charlie McAvoy Thomas Chabot 35 0 2 3
2 Brett Kulak Jakob Chychrun 35 0 2 3
3 Dylan Blujus Nicolas Hague 15 1 2 2
4 Michael Anderson Henri Jokiharju 15 1 2 2
PowerPlay Forward
Center Left Wing Right Wing Time % Phy DF OF
1 Nick Suzuki Jason Robertson Matthew Tkachuk 55 1 2 2
2 Joel Eriksson Ek Patrik Laine Tomas Jurco 45 1 2 2
PowerPlay Defense
Defense Defense Time % Phy DF OF
1 Thomas Chabot Jakob Chychrun 55 1 2 2
2 Michael Anderson Charlie McAvoy 45 1 2 2
Penalty Kill 4 Players Forward
Center Wing Time % Phy DF OF
1 Joel Eriksson Ek J.T. Brown 60 1 2 2
2 Darroll Powe Josh Anderson 40 1 2 2
Penalty Kill 4 Players Defense
Defense Defense Time % Phy DF OF
1 Henri Jokiharju Nicolas Hague 60 1 2 2
2 Dylan Blujus Brett Kulak 40 1 2 2
Penalty Kill - 3 Players Forward
Forward Time % Phy DF OF
1 Darroll Powe 60 1 2 2
2 Joel Eriksson Ek 40 1 2 2
Penalty Kill - 3 Players Defense
Defense Defense Time % Phy DF OF
1 Nicolas Hague Henri Jokiharju 60 1 2 2
2 Brett Kulak Dylan Blujus 40 1 2 2
4 vs 4 Forward
Center Wing Time % Phy DF OF
1 Tomas Jurco Matthew Tkachuk 60 1 2 2
2 Joel Eriksson Ek J.T. Brown 40 1 2 2
4 vs 4 Defense
Defense Defense Time % Phy DF OF
1 Brett Kulak Thomas Chabot 60 1 2 2
2 Jakob Chychrun Charlie McAvoy 40 1 2 2
Last Minutes Offensive
Center Left Wing Right Wing Defense Defense
Nick Suzuki Jason Robertson Matthew Tkachuk Jakob Chychrun Thomas Chabot
Last Minutes Defensive
Center Left Wing Right Wing Defense Defense
Joel Eriksson Ek Jordan Greenway Matthew Tkachuk Brett Kulak Nicolas Hague
Goaltenders
Starting : Ilya Samsonov
Backup : Cayden Primeau
Extra Forwards
Normal : Nick Suzuki, Darroll Powe, Joel Eriksson Ek - PP : Darroll Powe, J.T. Brown - PK : Tomas Jurco
Extra Defensemen
Normal : Jakob Chychrun, Nicolas Hague, Henri Jokiharju - PP : Jakob Chychrun - PK : Thomas Chabot, Jakob Chychrun
Penalty Shots
Nick Suzuki, Trevor Moore, Darroll Powe, Patrik Laine, Joel Eriksson Ek
Scratches
Caleb Jones (Healthy), Michael McCarron (Healthy), Nikolay Goldobin (Sprained Right Ankle Injury), Vladimir Tkachev (Healthy), Tom Kuhnhackl (Healthy)
Austin Czarnik (Healthy), Cal Petersen (Healthy)
Rocket
5 vs 5 Forward
Center Left Wing Right Wing Time % Phy DF OF
1 Corey Trivino Adrian Kempe Danton Heinen 40 0 1 4
2 Peter Holland Brandon Pirri Scott Wilson 30 0 1 4
3 Dominic Turgeon Jiri Sekac Ty Rattie 20 0 2 3
4 Karson Kuhlman Jakub Vrana Kole Sherwood 10 1 2 2
5 vs 5 Defense
Defense Defense Time % Phy DF OF
1 Viktor Loov Dean Kukan 40 0 3 2
2 Andrey Pedan Andrei Mironov 30 0 3 2
3 Dylan DeMelo Jack Glover 20 0 3 2
4 Andrei Mironov Andrey Pedan 10 0 3 2
PowerPlay Forward
Center Left Wing Right Wing Time % Phy DF OF
1 Corey Trivino Adrian Kempe Danton Heinen 60 0 1 4
2 Peter Holland Brandon Pirri Scott Wilson 40 0 1 4
PowerPlay Defense
Defense Defense Time % Phy DF OF
1 Dylan DeMelo Viktor Loov 60 0 1 4
2 Andrey Pedan Andrei Mironov 40 0 1 4
Penalty Kill 4 Players Forward
Center Wing Time % Phy DF OF
1 Karson Kuhlman Danton Heinen 60 0 4 1
2 Dominic Turgeon Brandon Pirri 40 0 4 1
Penalty Kill 4 Players Defense
Defense Defense Time % Phy DF OF
1 Jack Glover Dylan DeMelo 60 0 5 0
2 Andrey Pedan Andrei Mironov 40 0 5 0
Penalty Kill - 3 Players Forward
Forward Time % Phy DF OF
1 Dominic Turgeon 60 0 5 0
2 Karson Kuhlman 40 0 5 0
Penalty Kill - 3 Players Defense
Defense Defense Time % Phy DF OF
1 Viktor Loov Dean Kukan 60 0 5 0
2 Andrey Pedan Andrei Mironov 40 0 5 0
4 vs 4 Forward
Center Wing Time % Phy DF OF
1 Peter Holland Danton Heinen 60 1 2 2
2 Corey Trivino Brandon Pirri 40 1 2 2
4 vs 4 Defense
Defense Defense Time % Phy DF OF
1 Viktor Loov Dean Kukan 60 1 2 2
2 Andrey Pedan Andrei Mironov 40 1 2 2
Last Minutes Offensive
Center Left Wing Right Wing Defense Defense
Corey Trivino Adrian Kempe Danton Heinen Andrey Pedan Dylan DeMelo
Last Minutes Defensive
Center Left Wing Right Wing Defense Defense
Corey Trivino Jiri Sekac Danton Heinen Andrei Mironov Andrey Pedan
Goaltenders
Starting : Igor Shesterkin
Backup : Eamon McAdam
Extra Forwards
Normal : Jiri Sekac, Dominic Turgeon, Jakub Vrana - PP : Jiri Sekac, Dominic Turgeon - PK : Jakub Vrana
Extra Defensemen
Normal : Dylan DeMelo, Jack Glover, Andrey Pedan - PP : Dylan DeMelo - PK : Jack Glover, Andrey Pedan
Penalty Shots
Scott Wilson, Danton Heinen, Corey Trivino, Brandon Pirri, Adrian Kempe
Scratches
Branden Troock (Healthy), Dalton Smith (Healthy), Daniel Sprong (Healthy), Reese Johnson (Healthy), Guillaume Brisebois (Healthy)
Mason Appleton (Healthy), Ryan Collins (Healthy), Sergey Tolchinsky (Healthy), Tyler Lewington (Healthy), MacKenzie Entwistle (Healthy)
Luke Kunin (Healthy), Mikhail Maltsev (Healthy)
% Time on Ice - Reign
Lines # - Real PCT - Wanted PCT - Time Play
Normal Forward
1 - 26% - 25% - 11:53
2 - 24% - 25% - 11:10
3 - 25% - 25% - 11:25
4 - 25% - 25% - 11:40
Normal Defense
1 - 35% - 35% - 16:15
2 - 36% - 35% - 16:27
3 - 15% - 15% - 6:49
4 - 14% - 15% - 6:37
PP Forward
1 - 52% - 55% - 4:51
2 - 48% - 45% - 4:33
PP Defense
1 - 53% - 55% - 4:58
2 - 47% - 45% - 4:26
PK Forward
1 - 73% - 60% - 3:15
2 - 27% - 40% - 1:13
PK Defense
1 - 63% - 60% - 2:50
2 - 37% - 40% - 1:38
PK3 Forward
1 - 0% - 60%
2 - 0% - 40%
PK3 Defense
1 - 0% - 60%
2 - 0% - 40%
44 Forward
1 - 0% - 60%
2 - 0% - 40%
44 Defense
1 - 0% - 60%
2 - 0% - 40%
Last Minute Offensive - 0:00
Last Minute Defensive - 0:00
Total
Forward - 60:00
Defense - 60:00
|
% Time on Ice - Rocket
Lines # - Real PCT - Wanted PCT - Time Play
Normal Forward
1 - 35% - 40% - 16:16
2 - 29% - 30% - 13:09
3 - 24% - 20% - 10:59
4 - 12% - 10% - 5:44
Normal Defense
1 - 41% - 40% - 18:43
2 - 31% - 30% - 14:28
3 - 21% - 20% - 9:51
4 - 7% - 10% - 3:06
PP Forward
1 - 59% - 60% - 2:38
2 - 41% - 40% - 1:50
PP Defense
1 - 62% - 60% - 2:47
2 - 38% - 40% - 1:41
PK Forward
1 - 77% - 60% - 7:15
2 - 23% - 40% - 2:09
PK Defense
1 - 55% - 60% - 5:12
2 - 45% - 40% - 4:12
PK3 Forward
1 - 0% - 60%
2 - 0% - 40%
PK3 Defense
1 - 0% - 60%
2 - 0% - 40%
44 Forward
1 - 0% - 60%
2 - 0% - 40%
44 Defense
1 - 0% - 60%
2 - 0% - 40%
Last Minute Offensive - 0:00
Last Minute Defensive - 0:00
Total
Forward - 60:00
Defense - 60:00
|
Play-by-Play
1st period
0:01 of 1st period - Corey Trivino wins face-off versus Trevor Moore in neutral zone.
0:04 of 1st period - Jordan Greenway is hit by Corey Trivino and loses puck.
0:13 of 1st period - Slapshot by Jordan Greenway.
0:13 of 1st period - Shot Misses the Net.
0:15 of 1st period - Slapshot by Thomas Chabot.
0:15 of 1st period - Shot Blocked by Dean Kukan.
0:25 of 1st period - Thomas Chabot is hit by Scott Wilson and loses puck.
1:34 of 1st period - Jordan Greenway is hit by Adrian Kempe and loses puck.
1:48 of 1st period - Icing by Jiri Sekac.
1:49 of 1st period - Dominic Turgeon wins face-off versus Joel Eriksson Ek in Rocket zone.
1:58 of 1st period - Wrist shot by Dominic Turgeon.
1:58 of 1st period - Shot Misses the Net.
2:00 of 1st period - Slapshot by Andrei Mironov.
2:00 of 1st period - Stopped by Ilya Samsonov with a rebound.
2:02 of 1st period - Slapshot by Ty Rattie.
2:02 of 1st period - Shot Misses the Net.
2:04 of 1st period - Slapshot by Andrei Mironov.
2:04 of 1st period - Shot Misses the Net.
2:20 of 1st period - Snap shot by Josh Anderson.
2:20 of 1st period - Stopped by Igor Shesterkin with a rebound.
2:34 of 1st period - J.T. Brown is hit by Brandon Pirri and loses puck.
3:41 of 1st period - Off-side.
3:42 of 1st period - Darroll Powe wins face-off versus Adrian Kempe in neutral zone.
3:59 of 1st period - Snap shot by Danton Heinen.
3:59 of 1st period - Goal by Danton Heinen - Reign : 0 - Rocket : 1.
4:00 of 1st period - Nick Suzuki wins face-off versus Peter Holland in neutral zone.
4:34 of 1st period - Icing by Tomas Jurco.
4:35 of 1st period - Peter Holland wins face-off versus Trevor Moore in Reign zone.
4:36 of 1st period - Wrist shot by Brandon Pirri.
4:36 of 1st period - Stopped by Ilya Samsonov with a rebound.
4:52 of 1st period - Snap shot by Tomas Jurco.
4:52 of 1st period - Shot Misses the Net.
5:46 of 1st period - Snap shot by Jordan Greenway.
5:46 of 1st period - Shot Misses the Net.
5:49 of 1st period - Icing by Danton Heinen.
5:50 of 1st period - Corey Trivino wins face-off versus Joel Eriksson Ek in Rocket zone.
6:39 of 1st period - Snap shot by Danton Heinen.
6:39 of 1st period - Stopped by Ilya Samsonov without a rebound.
6:40 of 1st period - Peter Holland wins face-off versus Darroll Powe in Reign zone.
7:36 of 1st period - Snap shot by Karson Kuhlman.
7:36 of 1st period - Stopped by Ilya Samsonov with a rebound.
7:38 of 1st period - Snap shot by Jakub Vrana.
7:38 of 1st period - Shot Misses the Net.
8:06 of 1st period - Adrian Kempe is hit by Josh Anderson and loses puck.
8:10 of 1st period - Icing by Dylan DeMelo.
8:11 of 1st period - Nick Suzuki wins face-off versus Corey Trivino in Rocket zone.
8:12 of 1st period - Slapshot by Thomas Chabot.
8:12 of 1st period - Deflect By Dylan DeMelo.
8:12 of 1st period - Stopped by Igor Shesterkin with a rebound.
8:26 of 1st period - Snap shot by Adrian Kempe.
8:26 of 1st period - Shot Blocked by Charlie McAvoy.
8:28 of 1st period - Snap shot by Adrian Kempe.
8:28 of 1st period - Stopped by Ilya Samsonov with a rebound.
8:32 of 1st period - Snap shot by Adrian Kempe.
8:32 of 1st period - Goal by Adrian Kempe - Reign : 0 - Rocket : 2.
8:33 of 1st period - Peter Holland wins face-off versus Darroll Powe in neutral zone.
8:46 of 1st period - Snap shot by Peter Holland.
8:46 of 1st period - Goal by Peter Holland - Reign : 0 - Rocket : 3.
8:47 of 1st period - Jason Robertson wins face-off versus Brandon Pirri in neutral zone.
8:52 of 1st period - Wrist shot by Jason Robertson.
8:52 of 1st period - Shot Misses the Net.
10:02 of 1st period - Slapshot by Tomas Jurco.
10:02 of 1st period - Deflect By Trevor Moore.
10:02 of 1st period - Stopped by Igor Shesterkin with a rebound.
10:36 of 1st period - Wrist shot by Josh Anderson.
10:36 of 1st period - Stopped by Igor Shesterkin with a rebound.
10:38 of 1st period - Snap shot by Brett Kulak.
10:38 of 1st period - Shot Misses the Net.
10:40 of 1st period - Slapshot by Brett Kulak.
10:40 of 1st period - Shot Misses the Net.
10:42 of 1st period - Wrist shot by Brett Kulak.
10:42 of 1st period - Stopped by Igor Shesterkin without a rebound.
10:43 of 1st period - Danton Heinen wins face-off versus Nick Suzuki in Rocket zone.
10:48 of 1st period - Backhand shot by Danton Heinen.
10:48 of 1st period - Stopped by Ilya Samsonov with a rebound.
10:52 of 1st period - Wrist shot by Corey Trivino.
10:52 of 1st period - Deflect By Danton Heinen.
10:52 of 1st period - Stopped by Ilya Samsonov with a rebound.
10:54 of 1st period - Snap shot by Corey Trivino.
10:54 of 1st period - Stopped by Ilya Samsonov with a rebound.
11:03 of 1st period - Off-side.
11:04 of 1st period - Darroll Powe wins face-off versus Dominic Turgeon in neutral zone.
12:39 of 1st period - Jack Glover is hit by Brett Kulak and loses puck.
13:03 of 1st period - Wrist shot by Danton Heinen.
13:03 of 1st period - Stopped by Ilya Samsonov without a rebound.
13:04 of 1st period - Corey Trivino wins face-off versus Nick Suzuki in Reign zone.
13:15 of 1st period - Slapshot by Danton Heinen.
13:15 of 1st period - Stopped by Ilya Samsonov with a rebound.
13:29 of 1st period - Darroll Powe is hit by Andrey Pedan and loses puck.
13:40 of 1st period - Snap shot by Scott Wilson.
13:40 of 1st period - Deflect By Peter Holland.
13:40 of 1st period - Shot Misses the Net.
13:40 of 1st period - Puck is out of play.
13:41 of 1st period - Danton Heinen wins face-off versus Joel Eriksson Ek in Reign zone.
14:28 of 1st period - J.T. Brown is hit by Dominic Turgeon and loses puck.
14:50 of 1st period - Snap shot by Karson Kuhlman.
14:50 of 1st period - Shot Misses the Net.
14:52 of 1st period - Snap shot by Jakub Vrana.
14:52 of 1st period - Shot Blocked by Michael Anderson.
15:10 of 1st period - Karson Kuhlman is hit by Trevor Moore and loses puck.
15:21 of 1st period - Snap shot by Jakub Vrana.
15:21 of 1st period - Shot Blocked by Jordan Greenway.
15:23 of 1st period - Wrist shot by Kole Sherwood.
15:23 of 1st period - Goal by Kole Sherwood - Reign : 0 - Rocket : 4.
15:23 of 1st period - Cayden Primeau enters game.
15:24 of 1st period - Joel Eriksson Ek wins face-off versus Corey Trivino in neutral zone.
15:33 of 1st period - Slapshot by Thomas Chabot.
15:33 of 1st period - Stopped by Igor Shesterkin without a rebound.
15:34 of 1st period - Corey Trivino wins face-off versus Joel Eriksson Ek in Rocket zone.
15:38 of 1st period - Off-side.
15:39 of 1st period - Corey Trivino wins face-off versus Darroll Powe in neutral zone.
16:04 of 1st period - Viktor Loov is hit by Thomas Chabot and loses puck.
16:55 of 1st period - Slapshot by Nick Suzuki.
16:55 of 1st period - Shot Blocked by Andrey Pedan.
16:57 of 1st period - Wrist shot by Josh Anderson.
16:57 of 1st period - Shot Misses the Net.
16:59 of 1st period - Snap shot by Josh Anderson.
16:59 of 1st period - Shot Misses the Net.
17:18 of 1st period - Slapshot by Danton Heinen.
17:18 of 1st period - Goal by Danton Heinen - Reign : 0 - Rocket : 5.
17:19 of 1st period - Joel Eriksson Ek wins face-off versus Corey Trivino in neutral zone.
17:30 of 1st period - Wrist shot by Danton Heinen.
17:30 of 1st period - Shot Misses the Net.
17:55 of 1st period - Snap shot by Jiri Sekac.
17:55 of 1st period - Shot Blocked by Nicolas Hague.
17:57 of 1st period - Snap shot by Ty Rattie.
17:57 of 1st period - Goal by Ty Rattie - Reign : 0 - Rocket : 6.
17:58 of 1st period - Josh Anderson wins face-off versus Corey Trivino in neutral zone.
18:52 of 1st period - Snap shot by Darroll Powe.
18:52 of 1st period - Shot Misses the Net.
18:54 of 1st period - Snap shot by Darroll Powe.
18:54 of 1st period - Stopped by Igor Shesterkin without a rebound.
18:55 of 1st period - Nick Suzuki wins face-off versus Adrian Kempe in Rocket zone.
19:02 of 1st period - Slapshot by Adrian Kempe.
19:02 of 1st period - Shot Blocked by Nick Suzuki.
19:04 of 1st period - Snap shot by Danton Heinen.
19:04 of 1st period - Goal by Danton Heinen - Reign : 0 - Rocket : 7.
19:05 of 1st period - Trevor Moore wins face-off versus Peter Holland in neutral zone.
19:08 of 1st period - Peter Holland is hit by Tomas Jurco and loses puck.
19:40 of 1st period - Snap shot by Thomas Chabot.
19:40 of 1st period - Shot Blocked by Jack Glover.
Goals for this period are 0 for Reign vs 7 for Rocket.
Shots for this period are 7 for Reign vs 17 for Rocket.
2nd period
0:01 of 2nd period - Adrian Kempe wins face-off versus Nick Suzuki in neutral zone.
0:26 of 2nd period - Jordan Greenway is hit by Scott Wilson and loses puck.
0:57 of 2nd period - Slapshot by Matthew Tkachuk.
0:57 of 2nd period - Shot Misses the Net.
1:19 of 2nd period - Snap shot by J.T. Brown.
1:19 of 2nd period - Shot Blocked by Viktor Loov.
1:25 of 2nd period - Minor Penalty to Dean Kukan for Holding.
1:26 of 2nd period - Jason Robertson wins face-off versus Karson Kuhlman in Rocket zone.
1:27 of 2nd period - Wrist shot by Thomas Chabot.
1:27 of 2nd period - Deflect By Nick Suzuki.
1:27 of 2nd period - Shot Blocked by Dylan DeMelo.
1:27 of 2nd period - Puck is out of play.
1:28 of 2nd period - Jason Robertson wins face-off versus Karson Kuhlman in Rocket zone.
1:29 of 2nd period - Slapshot by Matthew Tkachuk.
1:29 of 2nd period - Shot Misses the Net.
1:31 of 2nd period - Wrist shot by Matthew Tkachuk.
1:31 of 2nd period - Shot Blocked by Danton Heinen.
1:33 of 2nd period - Slapshot by Jakob Chychrun.
1:33 of 2nd period - Stopped by Igor Shesterkin with a rebound.
1:35 of 2nd period - Slapshot by Thomas Chabot.
1:35 of 2nd period - Stopped by Igor Shesterkin without a rebound.
1:36 of 2nd period - Nick Suzuki wins face-off versus Karson Kuhlman in Rocket zone.
1:51 of 2nd period - Backhand shot by Thomas Chabot.
1:51 of 2nd period - Stopped by Igor Shesterkin without a rebound.
1:52 of 2nd period - Karson Kuhlman wins face-off versus Joel Eriksson Ek in Rocket zone.
1:52 of 2nd period - Karson Kuhlman is hit by Thomas Chabot.
2:26 of 2nd period - Snap shot by Matthew Tkachuk.
2:26 of 2nd period - Shot Misses the Net.
2:28 of 2nd period - Slapshot by Charlie McAvoy.
2:28 of 2nd period - Shot Blocked by Jack Glover.
3:25 of 2nd period - Penalty to Dean Kukan is over, Dean Kukan is back on ice.
3:38 of 2nd period - Slapshot by Thomas Chabot.
3:38 of 2nd period - Shot Blocked by Dylan DeMelo.
3:50 of 2nd period - Wrist shot by Jiri Sekac.
3:50 of 2nd period - Stopped by Cayden Primeau with a rebound.
5:21 of 2nd period - Brett Kulak is hit by Viktor Loov and loses puck.
5:42 of 2nd period - Wrist shot by Scott Wilson.
5:42 of 2nd period - Shot Misses the Net.
5:44 of 2nd period - Backhand shot by Dean Kukan.
5:44 of 2nd period - Stopped by Cayden Primeau with a rebound.
5:55 of 2nd period - Off-side.
5:56 of 2nd period - Trevor Moore wins face-off versus Karson Kuhlman in neutral zone.
6:07 of 2nd period - Wrist shot by Jordan Greenway.
6:07 of 2nd period - Shot Blocked by Andrey Pedan.
6:09 of 2nd period - Slapshot by Brett Kulak.
6:09 of 2nd period - Stopped by Igor Shesterkin with a rebound.
6:19 of 2nd period - Jakub Vrana is hit by Jakob Chychrun and loses puck.
6:32 of 2nd period - Snap shot by Matthew Tkachuk.
6:32 of 2nd period - Shot Misses the Net.
7:06 of 2nd period - Wrist shot by Peter Holland.
7:06 of 2nd period - Stopped by Cayden Primeau without a rebound.
7:07 of 2nd period - Brandon Pirri wins face-off versus Joel Eriksson Ek in Reign zone.
7:12 of 2nd period - Wrist shot by Peter Holland.
7:12 of 2nd period - Shot Misses the Net.
7:14 of 2nd period - Snap shot by Peter Holland.
7:14 of 2nd period - Stopped by Cayden Primeau with a rebound.
7:16 of 2nd period - Wrist shot by Brandon Pirri.
7:16 of 2nd period - Stopped by Cayden Primeau without a rebound.
7:17 of 2nd period - Joel Eriksson Ek wins face-off versus Corey Trivino in Reign zone.
7:56 of 2nd period - Snap shot by Peter Holland.
7:56 of 2nd period - Stopped by Cayden Primeau without a rebound.
7:57 of 2nd period - Peter Holland wins face-off versus Trevor Moore in Reign zone.
8:04 of 2nd period - Wrist shot by Brandon Pirri.
8:04 of 2nd period - Shot Misses the Net.
8:22 of 2nd period - Corey Trivino is hit by J.T. Brown and loses puck.
8:33 of 2nd period - Snap shot by J.T. Brown.
8:33 of 2nd period - Shot Blocked by Dylan DeMelo.
9:01 of 2nd period - Minor Penalty to Ty Rattie for Interference.
9:02 of 2nd period - Nick Suzuki wins face-off versus Karson Kuhlman in Rocket zone.
9:03 of 2nd period - Snap shot by Thomas Chabot.
9:03 of 2nd period - Stopped by Igor Shesterkin with a rebound.
9:05 of 2nd period - Snap shot by Nick Suzuki.
9:05 of 2nd period - Stopped by Igor Shesterkin without a rebound.
9:06 of 2nd period - Nick Suzuki wins face-off versus Karson Kuhlman in Rocket zone.
9:43 of 2nd period - Slapshot by Thomas Chabot.
9:43 of 2nd period - Shot Misses the Net.
10:10 of 2nd period - Andrei Mironov is hit by Joel Eriksson Ek and loses puck.
11:01 of 2nd period - Penalty to Ty Rattie is over, Ty Rattie is back on ice.
12:20 of 2nd period - Viktor Loov is hit by Jakob Chychrun.
13:18 of 2nd period - Wrist shot by Tomas Jurco.
13:18 of 2nd period - Stopped by Igor Shesterkin without a rebound.
13:19 of 2nd period - Trevor Moore wins face-off versus Scott Wilson in Rocket zone.
13:22 of 2nd period - Snap shot by Jordan Greenway.
13:22 of 2nd period - Stopped by Igor Shesterkin without a rebound.
13:23 of 2nd period - Trevor Moore wins face-off versus Peter Holland in Rocket zone.
13:26 of 2nd period - Slapshot by Jakob Chychrun.
13:26 of 2nd period - Deflect By Jordan Greenway.
13:26 of 2nd period - Shot Blocked by Brandon Pirri.
13:26 of 2nd period - Puck is out of play.
13:27 of 2nd period - Corey Trivino wins face-off versus Joel Eriksson Ek in Rocket zone.
14:00 of 2nd period - Snap shot by Nick Suzuki.
14:00 of 2nd period - Shot Misses the Net.
14:02 of 2nd period - Snap shot by Brandon Biro.
14:02 of 2nd period - Goal by Brandon Biro - Reign : 1 - Rocket : 7.
14:03 of 2nd period - J.T. Brown wins face-off versus Corey Trivino in neutral zone.
14:20 of 2nd period - Snap shot by Adrian Kempe.
14:20 of 2nd period - Shot Blocked by Thomas Chabot.
14:42 of 2nd period - Slapshot by Scott Wilson.
14:42 of 2nd period - Shot Misses the Net.
14:54 of 2nd period - Dean Kukan is hit by Jordan Greenway and loses puck.
15:07 of 2nd period - Minor Penalty to Trevor Moore for Hooking.
15:08 of 2nd period - Corey Trivino wins face-off versus Joel Eriksson Ek in Reign zone.
15:13 of 2nd period - Snap shot by Danton Heinen.
15:13 of 2nd period - Deflect By Henri Jokiharju.
15:13 of 2nd period - Shot Misses the Net.
15:13 of 2nd period - Puck is out of play.
15:14 of 2nd period - Joel Eriksson Ek wins face-off versus Corey Trivino in Reign zone.
15:25 of 2nd period - Wrist shot by Danton Heinen.
15:25 of 2nd period - Stopped by Cayden Primeau with a rebound.
15:27 of 2nd period - Snap shot by Danton Heinen.
15:27 of 2nd period - Shot Misses the Net.
15:29 of 2nd period - Slapshot by Viktor Loov.
15:29 of 2nd period - Deflect By Danton Heinen.
15:29 of 2nd period - Stopped by Cayden Primeau without a rebound.
15:30 of 2nd period - Joel Eriksson Ek wins face-off versus Corey Trivino in Reign zone.
15:37 of 2nd period - Wrist shot by Corey Trivino.
15:37 of 2nd period - Goal by Corey Trivino - Reign : 1 - Rocket : 8.
15:37 of 2nd period - Ilya Samsonov enters game.
15:38 of 2nd period - Corey Trivino wins face-off versus Nick Suzuki in neutral zone.
15:53 of 2nd period - Wrist shot by Nick Suzuki.
15:53 of 2nd period - Stopped by Igor Shesterkin with a rebound.
16:28 of 2nd period - Dominic Turgeon is hit by Charlie McAvoy and loses puck.
16:33 of 2nd period - Snap shot by Tomas Jurco.
16:33 of 2nd period - Shot Misses the Net.
16:35 of 2nd period - Snap shot by Henri Jokiharju.
16:35 of 2nd period - Shot Misses the Net.
16:41 of 2nd period - Minor Penalty to Ty Rattie for Holding.
16:42 of 2nd period - Karson Kuhlman wins face-off versus Nick Suzuki in Rocket zone.
16:52 of 2nd period - Off-side.
16:53 of 2nd period - Nick Suzuki wins face-off versus Karson Kuhlman in neutral zone.
17:04 of 2nd period - Slapshot by Thomas Chabot.
17:04 of 2nd period - Shot Blocked by Danton Heinen.
17:28 of 2nd period - Slapshot by Patrik Laine.
17:28 of 2nd period - Stopped by Igor Shesterkin with a rebound.
17:30 of 2nd period - Wrist shot by Joel Eriksson Ek.
17:30 of 2nd period - Shot Misses the Net.
17:32 of 2nd period - Snap shot by Tomas Jurco.
17:32 of 2nd period - Shot Misses the Net.
17:34 of 2nd period - Slapshot by Charlie McAvoy.
17:34 of 2nd period - Stopped by Igor Shesterkin with a rebound.
18:14 of 2nd period - Nick Suzuki is hit by Jakub Vrana and loses puck.
18:41 of 2nd period - Penalty to Ty Rattie is over, Ty Rattie is back on ice.
Goals for this period are 1 for Reign vs 1 for Rocket.
Shots for this period are 12 for Reign vs 9 for Rocket.
3rd period
0:01 of 3rd period - Corey Trivino wins face-off versus Joel Eriksson Ek in neutral zone.
0:33 of 3rd period - Slapshot by Matthew Tkachuk.
0:33 of 3rd period - Stopped by Igor Shesterkin without a rebound.
0:34 of 3rd period - Darroll Powe wins face-off versus Corey Trivino in Rocket zone.
0:45 of 3rd period - Wrist shot by Thomas Chabot.
0:45 of 3rd period - Stopped by Igor Shesterkin with a rebound.
1:01 of 3rd period - Nick Suzuki is hit by Brandon Pirri and loses puck.
1:19 of 3rd period - Andrei Mironov is hit by Tomas Jurco and loses puck.
1:24 of 3rd period - Jordan Greenway is hit by Ty Rattie and loses puck.
2:01 of 3rd period - Joel Eriksson Ek is hit by Viktor Loov and loses puck.
2:14 of 3rd period - Corey Trivino is hit by Matthew Tkachuk and loses puck.
2:33 of 3rd period - Slapshot by Josh Anderson.
2:33 of 3rd period - Stopped by Igor Shesterkin with a rebound.
2:37 of 3rd period - Snap shot by Brandon Biro.
2:37 of 3rd period - Shot Blocked by Jack Glover.
3:24 of 3rd period - Wrist shot by Dominic Turgeon.
3:24 of 3rd period - Stopped by Ilya Samsonov with a rebound.
3:26 of 3rd period - Slapshot by Jack Glover.
3:26 of 3rd period - Deflect By Patrik Laine.
3:26 of 3rd period - Stopped by Ilya Samsonov with a rebound.
3:28 of 3rd period - Backhand shot by Dylan DeMelo.
3:28 of 3rd period - Shot Misses the Net.
3:30 of 3rd period - Snap shot by Jiri Sekac.
3:30 of 3rd period - Shot Misses the Net.
4:14 of 3rd period - Wrist shot by Dominic Turgeon.
4:14 of 3rd period - Stopped by Ilya Samsonov with a rebound.
4:16 of 3rd period - Wrist shot by Ty Rattie.
4:16 of 3rd period - Stopped by Ilya Samsonov without a rebound.
4:17 of 3rd period - Corey Trivino wins face-off versus Nick Suzuki in Reign zone.
4:38 of 3rd period - Minor Penalty to Danton Heinen for Hooking.
4:39 of 3rd period - Karson Kuhlman wins face-off versus Matthew Tkachuk in Rocket zone.
4:45 of 3rd period - Icing by Jason Robertson.
4:46 of 3rd period - Nick Suzuki wins face-off versus Karson Kuhlman in Reign zone.
5:26 of 3rd period - Slapshot by Tomas Jurco.
5:26 of 3rd period - Shot Blocked by Andrey Pedan.
5:28 of 3rd period - Snap shot by Tomas Jurco.
5:28 of 3rd period - Stopped by Igor Shesterkin without a rebound.
5:29 of 3rd period - Joel Eriksson Ek wins face-off versus Corey Trivino in Rocket zone.
5:44 of 3rd period - Wrist shot by Tomas Jurco.
5:44 of 3rd period - Shot Misses the Net.
6:38 of 3rd period - Penalty to Danton Heinen is over, Danton Heinen is back on ice.
6:50 of 3rd period - Icing by Dean Kukan.
6:51 of 3rd period - Peter Holland wins face-off versus Nick Suzuki in Rocket zone.
7:04 of 3rd period - Snap shot by Josh Anderson.
7:04 of 3rd period - Shot Misses the Net.
7:06 of 3rd period - Snap shot by Josh Anderson.
7:06 of 3rd period - Stopped by Igor Shesterkin with a rebound.
7:26 of 3rd period - Icing by Dean Kukan.
7:27 of 3rd period - Adrian Kempe wins face-off versus Nick Suzuki in Rocket zone.
7:40 of 3rd period - Slapshot by Danton Heinen.
7:40 of 3rd period - Goal by Danton Heinen - Reign : 1 - Rocket : 9.
7:41 of 3rd period - Corey Trivino wins face-off versus Nick Suzuki in neutral zone.
7:47 of 3rd period - Icing by Jakob Chychrun.
7:48 of 3rd period - Nick Suzuki wins face-off versus Danton Heinen in Reign zone.
7:56 of 3rd period - Wrist shot by Jakob Chychrun.
7:56 of 3rd period - Shot Blocked by Andrei Mironov.
7:58 of 3rd period - Slapshot by Jakob Chychrun.
7:58 of 3rd period - Stopped by Igor Shesterkin with a rebound.
8:00 of 3rd period - Snap shot by Brandon Biro.
8:00 of 3rd period - Stopped by Igor Shesterkin without a rebound.
8:01 of 3rd period - Trevor Moore wins face-off versus Adrian Kempe in Rocket zone.
8:04 of 3rd period - Wrist shot by Trevor Moore.
8:04 of 3rd period - Shot Misses the Net.
8:06 of 3rd period - Snap shot by Trevor Moore.
8:06 of 3rd period - Shot Blocked by Andrei Mironov.
8:08 of 3rd period - Snap shot by Trevor Moore.
8:08 of 3rd period - Shot Misses the Net.
8:10 of 3rd period - Slapshot by Jakob Chychrun.
8:10 of 3rd period - Shot Blocked by Andrei Mironov.
8:12 of 3rd period - Slapshot by Jordan Greenway.
8:12 of 3rd period - Shot Blocked by Andrei Mironov.
8:14 of 3rd period - Wrist shot by Tomas Jurco.
8:14 of 3rd period - Shot Misses the Net.
8:47 of 3rd period - Slapshot by Jakob Chychrun.
8:47 of 3rd period - Shot Misses the Net.
9:00 of 3rd period - Minor Penalty to Jakob Chychrun for Hooking.
9:01 of 3rd period - Joel Eriksson Ek wins face-off versus Corey Trivino in Reign zone.
10:09 of 3rd period - Snap shot by Darroll Powe.
10:09 of 3rd period - Stopped by Igor Shesterkin without a rebound.
10:10 of 3rd period - Peter Holland wins face-off versus Joel Eriksson Ek in Rocket zone.
10:25 of 3rd period - Henri Jokiharju is hit by Viktor Loov and loses puck.
10:36 of 3rd period - Andrey Pedan is hit by Josh Anderson.
11:00 of 3rd period - Penalty to Jakob Chychrun is over, Jakob Chychrun is back on ice.
11:32 of 3rd period - Jiri Sekac is hit by J.T. Brown and loses puck.
11:39 of 3rd period - Slapshot by Dean Kukan.
11:39 of 3rd period - Deflect By Ty Rattie.
11:39 of 3rd period - Shot Blocked by Thomas Chabot.
11:39 of 3rd period - Puck is out of play.
11:40 of 3rd period - Nick Suzuki wins face-off versus Corey Trivino in Reign zone.
11:55 of 3rd period - Viktor Loov is hit by Nick Suzuki.
12:07 of 3rd period - Brandon Pirri is hit by Trevor Moore and loses puck.
13:30 of 3rd period - Brett Kulak is hit by Karson Kuhlman and loses puck.
13:35 of 3rd period - Snap shot by Jakub Vrana.
13:35 of 3rd period - Stopped by Ilya Samsonov without a rebound.
13:36 of 3rd period - Corey Trivino wins face-off versus Nick Suzuki in Reign zone.
13:39 of 3rd period - Snap shot by Adrian Kempe.
13:39 of 3rd period - Stopped by Ilya Samsonov with a rebound.
13:41 of 3rd period - Slapshot by Andrey Pedan.
13:41 of 3rd period - Shot Misses the Net.
14:25 of 3rd period - Slapshot by Andrei Mironov.
14:25 of 3rd period - Stopped by Ilya Samsonov without a rebound.
14:26 of 3rd period - Corey Trivino wins face-off versus Joel Eriksson Ek in Reign zone.
14:32 of 3rd period - Minor Penalty to Matthew Tkachuk for Holding Stick.
14:33 of 3rd period - Adrian Kempe wins face-off versus Joel Eriksson Ek in Reign zone.
15:36 of 3rd period - Off-side.
15:37 of 3rd period - Corey Trivino wins face-off versus Tomas Jurco in neutral zone.
15:40 of 3rd period - Dylan Blujus is hit by Corey Trivino and loses puck.
16:32 of 3rd period - Penalty to Matthew Tkachuk is over, Matthew Tkachuk is back on ice.
16:46 of 3rd period - Slapshot by Brett Kulak.
16:46 of 3rd period - Stopped by Igor Shesterkin without a rebound.
16:47 of 3rd period - Nick Suzuki wins face-off versus Dominic Turgeon in Rocket zone.
17:00 of 3rd period - Wrist shot by Dominic Turgeon.
17:00 of 3rd period - Shot Misses the Net.
17:20 of 3rd period - Snap shot by Corey Trivino.
17:20 of 3rd period - Shot Blocked by Trevor Moore.
17:32 of 3rd period - Brandon Pirri is hit by Charlie McAvoy and loses puck.
17:33 of 3rd period - Brandon Pirri from Rocket is injured at 17:33 of 3rd period (Herniated Disc).
17:34 of 3rd period - Corey Trivino wins face-off versus Joel Eriksson Ek in Rocket zone.
17:46 of 3rd period - Brett Kulak is hit by Adrian Kempe and loses puck.
17:51 of 3rd period - Snap shot by Danton Heinen.
17:51 of 3rd period - Stopped by Ilya Samsonov with a rebound.
18:01 of 3rd period - Jakob Chychrun is hit by Jiri Sekac and loses puck.
18:31 of 3rd period - Minor Penalty to Kole Sherwood for Tripping.
18:32 of 3rd period - Karson Kuhlman wins face-off versus Nick Suzuki in Rocket zone.
19:57 of 3rd period - Danton Heinen is hit by Joel Eriksson Ek and loses puck.
Goals for this period are 0 for Reign vs 1 for Rocket.
Shots for this period are 9 for Reign vs 9 for Rocket.